 Dungeon Crawl Stone Soup version 0.30-a0-465-g8901f6c8b5 (webtiles) character file.

Game seed: 15141184384355344403

1803 Fonys the Covert (level 8, -1/36 HPs)
             Began as a Spriggan Enchanter on Dec 18, 2022.
             Succumbed to a killer bee's poison
             ... on level 6 of the Dungeon.
             The game lasted 00:17:17 (6125 turns).

Fonys the Covert (Spriggan Enchanter)               Turns: 6125, Time: 00:17:18

Health: -1/36      AC:  6    Str:  4    XL:     8   Next: 83%
Magic:  6/21       EV: 17    Int: 16    God:
Gold:   582        SH:  0    Dex: 18    Spells: 12/24 levels left

rFire   . . .      SeeInvis +    m - +2 dagger (venom)
rCold   . . .      Faith    .    (no shield)
rNeg    . . .      Spirit   .    r - +0 steam dragon scales
rPois   .          Reflect  .    (helmet restricted)
rElec   .          Harm     .    n - +0 cloak
rCorr   .          Rampage  .    (gloves unavailable)
Will    +....                    (boots unavailable)
Stlth   +++++.....               (no amulet)
HPRegen 0.26/turn                (no ring)
MPRegen 0.17/turn                (no ring)

@: lethally poisoned (-1 -> -10), confusing by touch, very slightly
contaminated, very quick
A: very small, no large weapons, unfitting armour, see invisible, speed 3,
hooves 1, evolution 1
a: no special abilities


You were on level 6 of the Dungeon.
You visited 1 branch of the dungeon, and saw 7 of its levels.
You also visited: Ossuary.

You collected 582 gold pieces.

Inventory:

Hand Weapons
 a - a +5 dagger
 m - a +2 dagger of venom (weapon)
 y - a +4 dagger
Missiles
 v - a throwing net (quivered)
Armour
 k - a +2 robe of willpower
 n - a +0 cloak (worn)
 r - +0 steam dragon scales (worn)
Wands
 o - a wand of digging (5)
Scrolls
 g - 4 scrolls of teleportation
 s - a scroll of fog
 x - a scroll of fear
Potions
 b - 2 potions of lignification {unknown}
 c - 3 potions of invisibility
 d - 2 potions of haste
 e - a potion of ambrosia
 f - 4 potions of curing
 h - 4 potions of might
 i - 3 potions of heal wounds
 j - a potion of flight {unknown}
 l - 3 potions of mutation
 p - 2 potions of magic {unknown}
 q - 3 potions of resistance
 t - a potion of brilliance {unknown}
 u - a potion of berserk rage
 w - a potion of cancellation {unknown}


   Skills:
 - Level 1.1 Short Blades
 - Level 2.6 Dodging
 + Level 10.3 Stealth
 + Level 8.7 Spellcasting
 + Level 9.0 Hexes


You had 12 spell levels left.
You knew the following spells:

 Your Spells              Type           Power      Damage    Failure   Level
a - Ensorcelled Hibernat  Hex/Ice        42%        N/A       2%          2
b - Tukima's Dance        Hex            36%        N/A       1%          3
c - Dazzling Flash        Conj/Hex       42%        N/A       4%          3
d - Confusing Touch       Hex            36%        N/A       1%          3
e - Apportation           Tloc           12%        N/A       11%         1

Your spell library contained the following spells:

 Spells                   Type           Power      Damage    Failure   Level
 Magic Dart               Conj           24%        1d4       11%         1
 Necrotise                Necr           24%        1d5       11%         1
 Sandblast                Erth           12%        2d6       11%         1
 Summon Small Mammal      Summ           24%        N/A       11%         1
 Passwall                 Tmut/Erth      5%         N/A       16%         2
 Searing Ray              Conj           12%        2d4       16%         2
 Anguish                  Hex/Necr       10%        N/A       16%         4
 Fulminant Prism          Conj/Hex       10%        3d8       16%         4
 Ignite Poison            Fire/Tmut/Pois 6%         N/A       30%         3
 Spider Form              Tmut/Pois      6%         N/A       30%         3
 Stone Arrow              Conj/Erth      12%        3d7       30%         3
 Sticky Flame             Conj/Fire      6%         2d3       71%         4
 Conjure Ball Lightning   Conj/Air       3%         3x3d6     100%        6
 Discord                  Hex            18%        N/A       100%        8
 Disjunction              Tloc           3%         N/A       100%        8
 Ignition                 Fire           3%         3d4       100%        8


Dungeon Overview and Level Annotations

Branches:
Dungeon (7/15)            Ossuary (visited)
 Temple: D:4-7

Altars:
Gozag
Kikubaaqudgha
Sif Muna
Uskayaw
Wu Jian
Zin

Shops:
D:1 *   D:2 :


Innate Abilities, Weirdness & Mutations

You are very small and have problems with some larger weapons.
You are too small for most types of armour.
You have supernaturally acute eyesight. (SInv)
You cover ground extremely quickly. (Speed+++)
You have large cloven feet.
You have hidden genetic potential.


Message History

The killer bee resists with significant effort.
The killer bee barely misses you. The killer bee completely misses you.
The killer bee closely misses you. The killer bee misses you.
Unknown command.
Casting: Ensorcelled Hibernation (safe; 2% risk of failure)
Confirm with . or Enter, or press ? or * to list all spells.
Aiming: Ensorcelled Hibernation (safe; 2% risk of failure)
Press: ? - help, Shift-Dir - straight line, f/p - killer bee
Aim: a killer bee (chance to affect: 62%)
You miscast Ensorcelled Hibernation.
You are very lightly contaminated with residual magic.
Nothing appears to happen.
The killer bee stings you. The killer bee barely misses you. x3
The killer bee stings you but does no damage.
The killer bee attacks as you move away!
The killer bee misses you. The killer bee stings you.
* * * LOW HITPOINT WARNING * * *
The killer bee barely misses you.
The killer bee attacks as you move away!
The killer bee completely misses you.
Casting: Ensorcelled Hibernation (safe; 2% risk of failure)
Confirm with . or Enter, or press ? or * to list all spells.
Aiming: Ensorcelled Hibernation (safe; 2% risk of failure)
Press: ? - help, Shift-Dir - straight line, f/p - killer bee
Aim: a killer bee (chance to affect: 62%)
The killer bee resists with significant effort.
The killer bee completely misses you. The killer bee closely misses you.
Unknown command.
Casting: Ensorcelled Hibernation (safe; 2% risk of failure)
Confirm with . or Enter, or press ? or * to list all spells.
Okay, then.
Casting: Ensorcelled Hibernation (safe; 2% risk of failure)
Confirm with . or Enter, or press ? or * to list all spells.
Your hands begin to glow red.
The killer bee stings you.
* * * LOW HITPOINT WARNING * * *
You are lethally poisoned!
The killer bee poisons you! The killer bee barely misses you.
You closely miss the killer bee.
You die...

##########
#........######## ######
#..........†..... #....#
#.......##..#..##
#....###......##..###..#
#....##......###..# #..#
#....##@####.# #.#####.#
#....##y##...######8####
####......y##...##8_.._.._8
#.....>..........##≈.....≈#
##.#.............##§≈.§§≈≈#
#.#..............##§≈§≈≈##
#.#.........#.....##≈§§##.
#.'.........#......##'##..
###.........#.............


You could see 2 killer bees.

Vanquished Creatures
  Maggie (D:6)
  Grinder (D:6)
  Duvessa (D:6)
  A water moccasin (D:6)
  2 black bears (D:6)
  A kobold brigand (D:6)
  A bullfrog (D:6)
  A scorpion (D:5)
  A necrophage (D:6)
  Dowan (D:6)
  A hound (D:4)
  2 orc priests (D:3)
  A gnoll bouda (D:6)
  5 orc wizards
  8 mummies (Ossuary)
  Robin (D:4)
  8 gnolls
  5 adders
  A white imp (D:5)
  An ufetubus (D:5)
  5 worms
  3 dart slugs
  13 orcs
  7 endoplasms
  5 giant cockroaches
  3 gnoll zombies (Ossuary)
  13 goblins
  9 hobgoblins
  7 jackals (D:3)
  6 quokkas
  8 ball pythons
  5 bats
  5 frilled lizards
  2 hobgoblin zombies (Ossuary)
  16 kobolds
  A kobold zombie (Ossuary)
  2 orc zombies (Ossuary)
  5 rats
159 creatures vanquished.

Vanquished Creatures (others)
  2 dancing weapons
  5 plants (D:2)
7 creatures vanquished.

Grand Total: 166 creatures vanquished

Notes
Turn   | Place    | Note
-------+----------+-------------------------------------------
     0 | D:1      | Fonys the Spriggan Enchanter began the quest for the Orb.
     0 | D:1      | Reached XP level 1. HP: 9/9 MP: 5/5
   204 | D:1      | Reached XP level 2. HP: 13/13 MP: 7/7
   207 | D:1      | Learned a level 2 spell: Ensorcelled Hibernation
   386 | D:1      | Found Kityziso's General Store.
   605 | D:1      | Reached XP level 3. HP: 13/16 MP: 9/9
   609 | D:1      | Learned a level 3 spell: Tukima's Dance
   613 | D:1      | Learned a level 3 spell: Confusing Touch
   781 | D:2      | Found an ornate altar of the Wu Jian Council.
   855 | D:2      | Found Capluown's Book Shop.
  1467 | D:3      | Reached skill level 5 in Hexes
  1467 | D:3      | Reached XP level 4. HP: 10/21 MP: 8/11
  1481 | D:3      | HP: 1/21 [orc/boomerang (4)]
  1648 | D:3      | Reached XP level 5. HP: 23/24 MP: 8/13
  1651 | D:3      | Reached skill level 5 in Spellcasting
  1796 | D:3      | Learned a level 3 spell: Dazzling Flash
  2185 | D:3      | Learned a level 1 spell: Apportation
  2297 | D:3      | Reached skill level 5 in Stealth
  2358 | D:3      | Found an ornate altar of the Wu Jian Council.
  2736 | D:4      | Noticed Robin
  2749 | D:4      | Killed Robin
  2767 | D:4      | Reached XP level 6. HP: 27/28 MP: 8/15
  3386 | D:5      | Entered Level 5 of the Dungeon
  3590 | D:5      | Reached skill level 6 in Stealth
  4045 | D:5      | Found an opulent altar of Gozag.
  4080 | D:5      | Found a glowing silver altar of Zin.
  4381 | D:6      | Reached XP level 7. HP: 26/32 MP: 12/17
  4388 | D:6      | Noticed Duvessa
  4389 | D:6      | Noticed Dowan
  4403 | D:6      | Found a sand-covered staircase.
  4422 | D:6      | Reached skill level 7 in Stealth
  4424 | Ossuary  | Entered an ossuary
  5251 | D:6      | Noticed Maggie
  5262 | D:6      | Killed Maggie
  5263 | D:6      | Reached skill level 8 in Stealth
  5263 | D:6      | Reached XP level 8. HP: 36/36 MP: 1/20
  5416 | D:6      | Gained mutation: You have large cloven feet. [potion of
                  | mutation]
  5416 | D:6      | Gained mutation: You have hidden genetic potential. [potion
                  | of mutation]
  5581 | D:6      | Killed Duvessa
  5582 | D:6      | Reached skill level 9 in Stealth
  5588 | D:6      | Killed Dowan
  5700 | D:6      | Noticed Grinder
  5739 | D:6      | Killed Grinder
  5881 | D:6      | Reached skill level 10 in Stealth
  6070 | D:6      | Found a shimmering blue altar of Sif Muna.
  6070 | D:6      | Found an ancient bone altar of Kikubaaqudgha.
  6071 | D:6      | Found a hide-covered altar of Uskayaw.
  6124 | D:6      | HP: 1/36 [killer bee (6)]
  6125 | D:6      | Succumbed to a killer bee's poison

Illustrated notes

Levels and vault maps discovered:
D:1:      beargit_arrival_greenhouse, layout_rooms, serial_shops, shop_fountains
D:2:      layout_loops_ring, basic_altar, serial_shops, shop_fountains,
          serial_forest, infiniplex_forest_clump_curved,
          infiniplex_forest_clump_double, infiniplex_forest_lined_2,
          infiniplex_forest_clump_long, infiniplex_forest_clump_C,
          infiniplex_forest_clump_curved, chequers_serial_rivers_micro_d
D:3:      layout_basic, nicolae_wu_jian_glorious_leap
D:4:      layout_loops_ring, uniq_robin
D:5:      layout_basic, pdpol_temple_overflow_zin_treasury_gozag_greed
D:6:      layout_basic, gammafunk_temple_overflow_claw,
          nicolae_ossuary_entry_plus, uniq_duvessa, uniq_maggie, uniq_grinder
D:7:      layout_cave_pools, temple_fountains, serial_shops,
          kennysheep_little_box

Skill      XL: |  1  2  3  4  5  6  7  8 |
---------------+-------------------------+-----
Spellcasting   | 3 4 5 6 7 8 |  8.7
Hexes          | 4 5 6 7 9 |  9.0
Stealth        | 5 6 8 10 | 10.3
Short Blades   | |  1.1
Dodging        | |  2.6

Action                   |  1- 3 |  4- 6 |  7- 9 || total
-------------------------+-------+-------+-------++-------
Melee: Dagger            |   149 |   178 |   167 ||   494
       Punch             |     3 |     3 |     1 ||     7
       Kick              |       |       |    25 ||    25
 Cast: Ensorcelled Hiber |     3 |    38 |    23 ||    64
       Tukima's Dance    |       |     5 |     2 ||     7
       Confusing Touch   |       |       |    15 ||    15
       Dazzling Flash    |       |       |     1 ||     1
  Use: Scroll            |     7 |     6 |     5 ||    18
       Potion            |     2 |     1 |     3 ||     6
 Stab: Sleeping          |    13 |    33 |     9 ||    55
       Distracted        |     1 |     1 |     1 ||     3
       Confused          |       |       |    12 ||    12
       Invisible         |       |       |     1 ||     1
Armor: Robe              |    19 |    20 |     4 ||    43
       Steam dragon scal |       |       |     9 ||     9
Dodge: Dodged            |   114 |   139 |   123 ||   376

Table legend: (Time is in decaauts)
 A = Elapsed time spent in this place.
 B = Non-inter-level travel time spent in this place.
 C = Inter-level travel time spent in this place.
 D = Time resting spent in this place.
 E = Time spent auto-exploring this place.
 F = Levels seen in this place.
 G = Mean time per level.
                   A        B        C        D        E       F      G
               +--------+--------+--------+--------+--------+-----+--------+
         Total |   4584 |   4509 |     75 |    486 |   2619 |   8 |  573.0 |
       Dungeon |   3929 |   3854 |     75 |    156 |   2523 |   7 |  561.3 |
       Ossuary |    655 |    655 |      0 |    330 |     96 |   1 |  655.0 |
               +--------+--------+--------+--------+--------+-----+--------+

Top non-repeatable levels by time:
     D:3: 942 daAuts
     D:6: 811 daAuts
     D:5: 717 daAuts
 Ossuary: 655 daAuts
     D:4: 532 daAuts
     D:1: 503 daAuts
     D:2: 413 daAuts
     D:7: 7 daAuts
